 Dungeon Crawl Stone Soup version 0.21.0-3-g78d12a8 (webtiles) character file.

14501 Ignatius881 the Basher (level 11, 0/151 HPs)
             Began as a Minotaur Berserker on Jan 15, 2018.
             Was a High Priest of Trog.
             Slain by a spiny frog (4 damage)
             ... on level 1 of the Lair of Beasts on Jan 16, 2018.
             The game lasted 00:25:35 (11694 turns).

Ignatius881 the Basher (Minotaur Berserker)        Turns: 11694, Time: 00:25:36

Health: 0/151      AC: 18    Str: 28    XL:     11   Next: 89%
Magic:  3/3        EV: 13    Int:  4    God:    Trog [*****.]
Gold:   770        SH:  0    Dex: 12    Spells: 10/10 levels left

rFire    . . .     SeeInvis .   x - +3 great mace (antimagic)
rCold    . . .     Gourm    .   (shield currently unavailable)
rNeg     . . .     Faith    .   B - +1 plate armour
rPois    .         Spirit   .   (helmet restricted)
rElec    .         Reflect  .   f - +0 cloak
rCorr    .         Harm     .   I - +0 pair of gloves
MR       .....                  (no boots)
Stlth    ..........             (no amulet)
HPRegen  0.35/turn              q - +1 ring of evasion
MPRegen  0.08/turn              (no ring)

@: berserking, lethally poisoned (0 -> -6), very quick
A: retaliatory headbutt, horns 2
a: Berserk, Trog's Hand, Brothers in Arms, Burn Spellbooks, Renounce Religion


You were on level 1 of the Lair of Beasts.
You worshipped Trog.
Trog was extremely pleased with you.
You were not hungry.

You visited 3 branches of the dungeon, and saw 13 of its levels.

You collected 824 gold pieces.
You spent 54 gold pieces at shops.

Inventory:

Hand Weapons
 a - a +0 hand axe
 x - a +3 antimagic great mace (weapon)
   (Trog gifted it to you on level 9 of the Dungeon)
 F - a +0 war axe
   (You found it on level 9 of the Dungeon)
 L - a +0 flail
   (You took it off an orc on level 3 of the Dungeon)
Missiles
 w - 3 throwing nets (quivered) {!f}
Armour
 f - a +0 cloak (worn)
   (You found it on level 7 of the Dungeon)
 B - a +1 plate armour (worn)
   (You found it on level 6 of the Dungeon)
 I - a +0 pair of gloves (worn)
   (You found it on level 10 of the Dungeon)
 K - the +9 scale mail of Jutrot {Str+4 Int-3 Dex+4, unknown}
   (You found it on level 1 of the Lair of Beasts)

   It affects your strength (+4).
   It affects your intelligence (-3).
   It affects your dexterity (+4).
Jewellery
 q - a +1 ring of evasion (left hand)
   (You found it on level 2 of the Dungeon)
 M - a +5 ring of strength {unknown}
   (You found it on level 1 of the Lair of Beasts)
 N - an uncursed ring of flight
   (You found it on level 11 of the Dungeon)
Wands
 d - a wand of iceblast (9)
   (You found it on level 6 of the Dungeon)
 t - a wand of flame (31)
   (You found it on level 10 of the Dungeon)
 u - a wand of paralysis (14)
   (You found it on level 9 of the Dungeon)
 y - a wand of polymorph (18)
   (You found it on level 5 of the Dungeon)
Scrolls
 b - a scroll of noise {unknown}
 g - 2 scrolls of enchant weapon
 h - a scroll of magic mapping
 i - 15 scrolls of teleportation {@r4}
 j - 10 scrolls of remove curse {@r2}
 r - a scroll of fog
 v - 3 scrolls of blinking {unknown}
 A - a scroll of fear
 D - 2 scrolls of immolation {!r}
 J - a scroll of holy word {unknown}
Potions
 c - 2 potions of degeneration {unknown}
 k - 9 potions of curing {@q1}
 l - a potion of resistance
 m - 2 potions of flight {unknown}
 n - 3 potions of might
 o - a potion of agility {unknown}
 p - a potion of haste {unknown}
 s - 3 potions of brilliance
 z - a potion of ambrosia {unknown}
 C - a potion of invisibility {unknown}
 E - 2 potions of lignification {unknown}
 G - a potion of heal wounds {unknown}
 H - a potion of magic {unknown}
Comestibles
 e - 16 rations


   Skills:
 + Level 10.9 Fighting
 - Level 8.4(11.4) Axes
 * Level 12.3(13.2) Maces & Flails
 + Level 10.6 Armour
 + Level 9.8 Dodging


You had 10 spell levels left.
You didn't know any spells.

Dungeon Overview and Level Annotations

Branches:
Dungeon (11/15)            Temple (1/1) D:5            Lair (1/6) D:8
    Orc (0/2) D:9

Altars:
Ashenzari
Cheibriados
Dithmenos
Elyvilon
Fedhas
Gozag
Hepliaklqana
Kikubaaqudgha
Makhleb
Nemelex Xobeh
Okawaru
Qazlal
Ru
Sif Muna
Trog
Uskayaw
Vehumet
Wu Jian
Xom
Yredelemnul
Zin
The Shining One

Shops:
D:4 [   D:7 [   D:9 *


Innate Abilities, Weirdness & Mutations

You reflexively headbutt those who attack you in melee.
You have a pair of horns on your head.


Message History

You now have 770 gold pieces (gained 19).
You feel sick.
A komodo dragon comes into view.
You feel sick.
The komodo dragon hisses angrily.
A komodo dragon is nearby!
You feel sick.
A spiny frog comes into view.
You feel sick.
The komodo dragon bites you but does no damage.
Found two stone staircases leading down.
Your plate armour prevents you from hitting the komodo dragon.
Your headbutt misses the komodo dragon. The komodo dragon bites you!
You sock the komodo dragon! You headbutt the komodo dragon.
You feel sick. The komodo dragon bites you!!
You hit the komodo dragon but do no damage.
You feel sick. The komodo dragon bites you.
You bludgeon the komodo dragon!! You headbutt the komodo dragon.
The komodo dragon bites you!
* * * LOW HITPOINT WARNING * * *
Okay, then.
You eat one of the 17 rations.
That ration really hit the spot!
You feel sick. The komodo dragon bites you!!
* * * LOW HITPOINT WARNING * * *
The spiny frog stings you but does no damage.
A red film seems to cover your vision as you go berserk!
You feel yourself moving faster!
You feel mighty!
You feel quite a bit more hungry.
The spiny frog stings you but does no damage.
The komodo dragon closely misses you.
You barely miss the komodo dragon. The spiny frog closely misses you.
The komodo dragon bites you!
* * * LOW HITPOINT WARNING * * *
You closely miss the komodo dragon.
The spiny frog stings you but does no damage.
You closely miss the komodo dragon.
You feel sick. The komodo dragon misses you. The spiny frog stings you!
* * * LOW HITPOINT WARNING * * *
You sock the komodo dragon!
You kill the komodo dragon!
Trog accepts your kill.
You barely miss the spiny frog. You headbutt the spiny frog!
The spiny frog stings you!
* * * LOW HITPOINT WARNING * * *
You are lethally poisoned!
The spiny frog poisons you!
You completely miss the spiny frog.
* * * LOW HITPOINT WARNING * * *
You feel sick. The spiny frog stings you.
You die...

#.. # # #.# >.#. #. # ##.# ##
....# ...#. #..##. 8....##
..#.###..#.## #....
##.#..........#
#..†#.#.##..##P...###
#.F@#......###.#.#.#
###....#####..#.......
...........#..#.###.###
>..8.....8...[....##.###
.........[†.....P.##.#.#
...##...#.#.........#... .##
..##..................## ### ..##
.. #...##.#..####..##.##
..##...###.#...##...######..##.##


You could see a spiny frog.

Vanquished Creatures
  A hydra (Lair:1)
  2 two-headed ogres
  An unseen horror (D:11)
  Pikel (D:9)
  3 ugly things
  A cyclops (D:11)
  A black mamba (Lair:1)
  2 spiny frogs (Lair:1)
  A komodo dragon (Lair:1)
  The ghost of komo4ek the Grave Robber, a novice HuNe of Yredelemnul (D:6)
  Grinder (D:3)
  4 hippogriffs
  Sigmund (D:6)
  4 yaks (Lair:1)
  A wraith (D:11)
  4 fire bats (D:8)
  A wyvern (Lair:1)
  2 basilisks
  A hungry ghost (D:9)
  2 water moccasins (Lair:1)
  A porcupine (Lair:1)
  3 ice beasts
  3 hell hounds (D:8)
  A sky beast (D:6)
  A slave (D:9)
  6 ogres
  2 eyes of draining (D:6)
  3 phantoms
  6 wolves (Lair:1)
  A centaur (D:7)
  3 big kobolds
  A crocodile (Lair:1)
  8 bullfrogs
  8 scorpions
  A wyvern skeleton (D:8)
  7 wights
  6 crimson imps
  2 lava snakes (D:8)
  5 hounds
  9 orc wizards
  4 orc priests
  A bullfrog skeleton (D:5)
  A jelly (D:10)
  5 iguanas
  2 centaur skeletons
  Natasha (thrice) (D:3)
  6 worker ants
  6 ogre zombies
  2 hound skeletons (D:7)
  6 gnolls
  15 adders
  3 shadow imps
  3 oozes
  3 adder skeletons
  2 worms (D:4)
  2 dart slugs
  2 leopard geckos
  18 orcs
  7 giant cockroaches
  10 goblins
  7 hobgoblins
  7 jackals
  26 kobolds
  3 quokkas
  A ball python (D:1)
  16 bats
  5 frilled lizards
  2 goblin skeletons (D:9)
  2 goblin zombies (D:9)
  2 hobgoblin skeletons (D:9)
  3 hobgoblin zombies (D:9)
  A jackal skeleton (D:8)
  An orc skeleton (D:9)
  9 orc zombies (D:9)
  A quokka skeleton (D:7)
  A quokka zombie (D:7)
  7 rats
  2 fire vortices (D:8)
  A fungus (D:10)
310 creatures vanquished.

Vanquished Creatures (others)
  A fire vortex (D:8)
  3 fungi (Lair:1)
4 creatures vanquished.

Grand Total: 314 creatures vanquished

Notes
Turn   | Place    | Note
-------+----------+-------------------------------------------
     0 | D:1      | Ignatius881 the Minotaur Berserker began the quest for the Orb.
     0 | D:1      | Reached XP level 1. HP: 19/19 MP: 0/0
     4 | D:1      | Noticed a minotaur skeleton
    10 | D:1      | Noticed a minotaur skeleton
   127 | D:1      | Reached XP level 2. HP: 27/27 MP: 1/1
   641 | D:1      | Reached ** piety under Trog
   641 | D:1      | Reached XP level 3. HP: 29/33 MP: 2/2
   960 | D:2      | Reached XP level 4. HP: 39/40 MP: 3/3
   972 | D:2      | Found a hazy altar of Hepliaklqana.
  1245 | D:2      | Found a shattered altar of Ashenzari.
  1496 | D:3      | Found a shadowy altar of Dithmenos.
  1668 | D:3      | Noticed Natasha
  1680 | D:3      | Killed Natasha
  1680 | D:3      | Reached skill level 5 in Axes
  1946 | D:3      | Reached *** piety under Trog
  2018 | D:3      | Noticed Natasha
  2022 | D:3      | Killed Natasha
  2022 | D:3      | Reached XP level 5. HP: 38/47 MP: 4/4
  2123 | D:3      | Noticed Natasha
  2130 | D:3      | Killed Natasha
  2223 | D:3      | Noticed Grinder
  2231 | D:3      | Killed Grinder
  2231 | D:3      | Reached skill level 5 in Fighting
  2231 | D:3      | Reached XP level 6. HP: 56/56 MP: 5/5
  2447 | D:4      | Found Ehokibar's Antique Armour Emporium.
  2778 | D:4      | Reached XP level 7. HP: 61/61 MP: 6/6
  3211 | D:5      | Entered Level 5 of the Dungeon
  3219 | D:5      | Reached skill level 5 in Armour
  3423 | D:5      | Found an iron altar of Okawaru.
  3426 | D:5      | Found a sacrificial altar of Ru.
  3426 | D:5      | Found a glowing silver altar of Zin.
  3426 | D:5      | Found an ancient bone altar of Kikubaaqudgha.
  3429 | D:5      | Found an ornate altar of the Wu Jian Council.
  3489 | D:5      | Reached **** piety under Trog
  3495 | D:5      | Found a burning altar of Makhleb.
  3539 | D:5      | Reached XP level 8. HP: 70/70 MP: 7/7
  3564 | D:5      | Reached skill level 5 in Dodging
  3741 | D:5      | Found a staircase to the Ecumenical Temple.
  3823 | D:5      | Reached skill level 1 in Maces & Flails
  4115 | D:5      | Found a sparkling altar of Nemelex Xobeh.
  4147 | Temple   | Entered the Ecumenical Temple
  4287 | D:6      | Noticed Sigmund
  4294 | D:6      | Killed Sigmund
  4294 | D:6      | Reached skill level 2 in Maces & Flails
  4297 | D:6      | Reached skill level 3 in Maces & Flails
  4391 | D:6      | Reached skill level 4 in Maces & Flails
  4566 | D:6      | Found an opulent altar of Gozag.
  5087 | D:6      | Found a bloodstained altar of Trog.
  5097 | D:6      | Reached skill level 5 in Maces & Flails
  5102 | D:6      | Reached XP level 9. HP: 79/79 MP: 0/8
  5360 | D:6      | Noticed komo4ek's ghost (novice HuNe)
  5368 | D:6      | Killed komo4ek's ghost
  5374 | D:6      | Reached skill level 6 in Maces & Flails
  5451 | D:7      | Found Piont's Antique Armour Emporium.
  5743 | D:7      | Noticed a two-headed ogre
  5750 | D:7      | Killed a two-headed ogre
  5750 | D:7      | Reached ***** piety under Trog
  5750 | D:7      | Reached skill level 7 in Maces & Flails
  5775 | D:7      | Reached skill level 8 in Maces & Flails
  6309 | D:8      | Found a staircase to the Lair.
  6319 | D:8      | Reached XP level 10. HP: 82/90 MP: 9/9
  6325 | D:8      | Found a stormy altar of Qazlal.
  6951 | D:8      | Reached skill level 9 in Maces & Flails
  7109 | D:8      | Noticed a two-headed ogre
  7119 | D:8      | Killed a two-headed ogre
  7694 | D:9      | Found a staircase to the Orcish Mines.
  7701 | D:9      | Received a gift from Trog
  8151 | D:9      | Noticed Pikel
  8162 | D:9      | Killed Pikel
  8250 | D:9      | Found Zuxein's Assorted Antiques.
  8259 | D:9      | Bought a scroll of identify for 54 gold pieces
  8436 | D:9      | Reached ****** piety under Trog
  8442 | D:9      | Received a gift from Trog
  8670 | D:10     | Entered Level 10 of the Dungeon
  8672 | D:10     | Noticed a cyan ugly thing
  8682 | D:10     | Killed a cyan ugly thing
  8682 | D:10     | Reached skill level 10 in Maces & Flails
  9221 | D:10     | Reached XP level 11. HP: 99/99 MP: 3/10
 10016 | D:11     | Found a shattered altar of Ashenzari.
 10059 | D:11     | Noticed a brown ugly thing
 10072 | D:11     | Reached skill level 10 in Fighting
 10077 | D:11     | Killed a brown ugly thing
 10090 | D:11     | Killed an unseen horror
 10090 | D:11     | Reached skill level 11 in Maces & Flails
 10349 | D:11     | Noticed a green ugly thing
 10357 | D:11     | Killed a green ugly thing
 10357 | D:11     | Reached skill level 10 in Armour
 10914 | Lair:1   | Entered Level 1 of the Lair of Beasts
 10930 | Lair:1   | Received a gift from Trog
 10962 | Lair:1   | Found a radiant altar of Vehumet.
 11066 | Lair:1   | Reached skill level 12 in Maces & Flails
 11458 | Lair:1   | Noticed a four-headed hydra
 11464 | Lair:1   | Killed a four-headed hydra
 11586 | Lair:1   | Got a faintly glowing scale mail
 11693 | Lair:1   | HP: 5/151 [spiny frog (10)]
 11694 | Lair:1   | Slain by a spiny frog

Skill      XL: |  1  2  3  4  5  6  7  8  9 10 11 |
---------------+----------------------------------+-----
Axes           | 4 5 6 7 8 |  8.4
Fighting       | 4 5 6 7 8 9 10 | 10.9
Armour         | 3 4 5 6 8 9 10 | 10.6
Dodging        | 3 4 6 7 8 9 |  9.8
Maces & Flails | 5 8 10 12 | 12.3

Action                   |  1- 3 |  4- 6 |  7- 9 | 10-12 || total
-------------------------+-------+-------+-------+-------++-------
Melee: Hand axe          |    72 |    48 |       |       ||   120
       Headbutt          |     5 |    21 |    72 |    68 ||   166
       Flail             |       |    54 |   258 |   157 ||   469
       Great mace        |       |       |       |   211 ||   211
       War axe           |       |       |       |    30 ||    30
Invok: Berserk           |       |     2 |     5 |     9 ||    16
       Trog's Hand       |       |     2 |     1 |     2 ||     5
       Burn Spellbooks   |       |       |     1 |       ||     1
  Use: Scroll            |     3 |     7 |     4 |     7 ||    21
 Stab: Sleeping          |     1 |       |       |       ||     1
  Eat: Chunk             |       |     7 |    15 |    17 ||    39
       Ration            |       |       |     1 |     3 ||     4
Armor: Animal skin       |     7 |       |       |       ||     7
       Chain mail        |    32 |    36 |    78 |       ||   146
       Plate armour      |       |       |    66 |   219 ||   285
Dodge: Dodged            |    39 |    51 |   147 |   243 ||   480
